 Dungeon Crawl Stone Soup version 0.31-a0-965-g8a8ce12e04 (webtiles) character file.

Game seed: 807492214555169299

4 Azuregosa the Sneak (level 1, -3/16 HPs)
             Began as an Octopode Delver on Oct 26, 2023.
             Was an Initiate of Vehumet.
             Slain by an orc wizard
             ... wielding a +0 dagger
              (5 damage)
             ... on level 5 of the Dungeon.
             The game lasted 00:01:29 (92 turns).

Azuregosa the Sneak (Octopode Delver)                 Turns: 92, Time: 00:01:31

Health: -3/16      AC:  1    Str: 11    XL:     1   Next: 60%
Magic:  1/1        EV: 13    Int: 12    God:    Vehumet [......]
Gold:   0          SH:  0    Dex: 13    Spells: 0/0 levels left

rFire   . .          .
                       - Unarmed
rCold   . . .        (no shield)
rNeg    . . .        (helmet restricted)
rPois   .            (no amulet)
rElec   .            (no ring)
rCorr   .            (no ring)
SInv    .            (no ring)
Will    .....        (no ring)
Stlth   ++           (no ring)
HPRegen 0.22/turn    (no ring)
MPRegen 0.07/turn    (no ring)
                     (no ring)

%: no passive effects
@: confused
A: almost no armour, amphibious, 8 rings, camouflage 1, gelatinous body 1,
(nimble swimmer 1), tentacles
a: Renounce Religion


You were on level 5 of the Dungeon.
You worshipped Vehumet.
Vehumet was noncommittal.
You visited 2 branches of the dungeon, and saw 2 of its levels.

Inventory:

Hand Weapons
 b - a +0 war axe
Wands
 e - a wand of digging (3)
Scrolls
 a - a scroll of fog
 c - a scroll of fear
Potions
 d - a potion of haste


   Skills:
 - Level 3.0 Fighting
 - Level 2.0 Dodging
 + Level 6.9 Stealth
 - Level 2.0 Unarmed Combat


You couldn't memorise any spells.
You didn't know any spells.
Your spell library was empty.

Dungeon Overview and Level Annotations

Branches:
Dungeon (5/15)             Temple (1/1) D:5

Altars:
Cheibriados
Dithmenos
Elyvilon
Nemelex Xobeh
Okawaru
Qazlal
Ru
Trog
Uskayaw
Vehumet
Wu Jian
Xom
Yredelemnul
Zin
The Shining One


Innate Abilities, Weirdness & Mutations

You cannot wear most types of armour.
You are amphibious.
You can wear up to eight rings at the same time.
Your skin changes colour to match your surroundings (Stealth+).
Your rubbery body absorbs attacks. (AC +1, EV +1)
((You are camouflaged when in or above water. (Stealth+)))
You have tentacles for arms and can constrict up to eight enemies at once.


Message History

You kill the orc!
Vehumet accepts your kill.
You barely miss the orc. You grab the orc. You squeeze the orc.
The orc is heavily wounded.
You constrict the orc, but do no damage.
The orc wizard points at you and mumbles some strange words.
You resist with significant effort. The orc hits you with a +0 dagger.
You tentacle-slap the orc but do no damage.
You squeeze the orc, but do no damage.
The orc is heavily wounded.
You constrict the orc. The orc hits you with a +0 dagger.
You closely miss the orc wizard. You grab the orc wizard.
You squeeze the orc wizard.
The orc wizard is moderately wounded.
You constrict the orc, but do no damage.
You constrict the orc wizard, but do no damage.
The orc wizard casts a spell at you.
You are confused.
The orc hits you with a +0 dagger.
You are too confused!
You are too confused!
You're too confused to move!
You constrict the orc.
You constrict the orc wizard, but do no damage.
The orc shouts!
The orc wizard points at you and mumbles some strange words.
You are more confused.
The orc closely misses you.
You bump into the rock wall.
You constrict the orc.
You kill the orc!
Vehumet accepts your kill.
You constrict the orc wizard.
An orc comes into view. It is wielding a +0 flail.
The orc wizard barely misses you.
The orc wizard shouts!
The orc shouts!
You tentacle-slap the orc wizard.
The orc wizard is heavily wounded.
You constrict the orc wizard. The orc hits you with a +0 hand axe.
* * * LOW HITPOINT WARNING * * *
The orc wizard hits you with a +0 dagger.
You die...

*,**,,**,,*****#.########*,
*,##,,,...* #...~§~..#**
*,,...,..#* #..~~§§~.# *
*,,,..,..# ##+~~§~§~§# *
*#,*#.##.# ##..§§~>~§~# *
#.##.##.# ##...§~~~§~~#**
#.#..o#.# ##.....~§§~~.#*,
####....o..###.......~~~..#,,
######.....o@o..o......'.....
######....####.........####..
#######..######.......##*,,..
#######.########.....## *,**#
#######.#########...## *,* *
#######.####### ##+## *,* *
#######.#######* *,* *,* *
######.>.......* *,* *,***
#######.######.***,** *,,,,


You could see 2 orc wizards and 3 orcs.

Vanquished Creatures
  2 orcs (D:5)
2 creatures vanquished.

Notes
Turn   | Place    | Note
-------+----------+-------------------------------------------
     0 | D:5      | Azuregosa the Octopode Delver began the quest for the Orb.
     0 | D:5      | Reached XP level 1. HP: 16/16 MP: 1/1
     6 | D:5      | Noticed an orc wizard
     7 | D:5      | Noticed an orc wizard
    13 | D:5      | Found a staircase to the Ecumenical Temple.
    23 | Temple   | Entered the Ecumenical Temple
    47 | Temple   | Became a worshipper of Vehumet
    92 | D:5      | Slain by an orc wizard

Illustrated notes

Levels and vault maps discovered:
D:5:      layout_loops_corners, minmay_temple_entry_mist, minmay_fire_ice_demons
Temple:   regret_index_temple_generic_petals

Action                     || total
---------------------------++-------
  Melee: Unarmed           ||     6
         Tentacles         ||     4
         Constrict         ||     3
    Use: Scroll            ||     1
 Armour: Skin              ||     6
  Dodge: Dodged            ||     3

Table legend: (Time is in decaauts)
 A = Elapsed time spent in this place.
 B = Non-inter-level travel time spent in this place.
 C = Inter-level travel time spent in this place.
 D = Time resting spent in this place.
 E = Time spent auto-exploring this place.
 F = Levels seen in this place.
 G = Mean time per level.
                   A        B        C        D        E       F      G
               +--------+--------+--------+--------+--------+-----+--------+
         Total |     92 |     69 |     23 |      0 |      0 |   2 |   46.0 |
       Dungeon |     42 |     42 |      0 |      0 |      0 |   1 |   42.0 |
        Temple |     49 |     26 |     23 |      0 |      0 |   1 |   49.0 |
               +--------+--------+--------+--------+--------+-----+--------+

Top non-repeatable levels by time:
  Temple: 49 daAuts
     D:5: 42 daAuts
